 Dungeon Crawl Stone Soup version 0.23.0-28-g6fe0f4d (webtiles) character file.

Game seed: 8666948283718866394

1267 ohad the Changer (level 8, -2/62 HPs)
             Began as an Octopode Transmuter on Feb 25, 2019.
             Slain by Duvessa
             ... wielding a +0 short sword
              (6 damage)
             ... on level 5 of the Dungeon.
             The game lasted 00:13:52 (5358 turns).

ohad the Changer (Octopode Transmuter)              Turns: 5358, Time: 00:13:53

Health: -2/62      AC:  6    Str: 14    XL:     8   Next: 52%
Magic:  10/15      EV: 11    Int: 17    God:
Gold:   261        SH:  0    Dex: 13    Spells: 2/17 levels left

rFire    x . .     SeeInvis .     - Unarmed
rCold    + + +     Gourm    .   (shield currently unavailable)
rNeg     . . .     Faith    .   (helmet currently unavailable)
rPois    +         Spirit   .   (no amulet)
rElec    .         Reflect  .   d - ring of poison resistance
rCorr    .         Harm     .   e - ring of wizardry
MR       .....                  (no ring)
Stlth    +.........             (no ring)
HPRegen  0.20/turn              (no ring)
MPRegen  0.14/turn              (no ring)
                                (no ring)
                                (no ring)

@: mighty, ice-form
A: large, almost no armour, stealthy swim, amphibious, 8 rings, (constrict 8)
a: End Transformation


You were on level 5 of the Dungeon.
You were not hungry.
You were a creature of crystalline ice.
You visited 1 branch of the dungeon, and saw 5 of its levels.

You collected 261 gold pieces.

Inventory:

Hand Weapons
 v - a +3 quarterstaff of chaos
Missiles
 a - 88 arrows
 l - 6 javelins (quivered)
 q - 2 tomahawks of returning
Jewellery
 d - a ring of poison resistance (left front paw)
 e - a ring of wizardry (right front paw)
Wands
 p - a wand of acid (22)
 z - a wand of flame (24)
Scrolls
 b - 5 scrolls of remove curse
 f - 4 scrolls of identify {unknown}
 g - 2 scrolls of teleportation {unknown}
 j - 2 scrolls of enchant armour {unknown}
 m - a scroll of amnesia {unknown}
 r - 3 scrolls of random uselessness {unknown}
 w - a scroll of magic mapping {unknown}
 y - a scroll of immolation {unknown}
Potions
 h - a potion of haste {unknown}
 i - 2 potions of flight {unknown}
 o - a potion of berserk rage {unknown}
 s - 2 potions of ambrosia {unknown}
 t - 2 potions of brilliance {unknown}
 u - 2 potions of agility {unknown}
 x - a potion of degeneration {unknown}
Comestibles
 c - 15 rations
 n - 3 chunks of flesh


   Skills:
 * Level 3.3 Fighting
 + Level 3.0 Dodging
 + Level 5.1 Unarmed Combat
 - Level 5.0 Spellcasting
 - Level 6.0 Transmutations
 - Level 2.3 Ice Magic


You had 2 spell levels left.
You knew the following spells:

 Your Spells              Type           Power        Failure   Level  Hunger
a - Beastly Appendage     Tmut           ###...       1%          1    None
b - Sticks to Snakes      Tmut           ###.....     1%          2    #......
c - Spider Form           Tmut/Pois      ##........   4%          3    ###....
d - Ice Form              Ice/Tmut       ###.....     11%         4    ####...
e - Blade Hands           Tmut           ###.......   13%         5    ######.

Your spell library contained the following spells:

 Spells                   Type           Power        Failure   Level  Hunger


Dungeon Overview and Level Annotations

Branches:
Dungeon (5/15)
 Temple: D:4-7

Altars:
Elyvilon
Yredelemnul

Annotations:
D:5 Duvessa


Innate Abilities, Weirdness & Mutations

You cannot wear most types of armour.
You are very stealthy in the water. (Stealth+)
You are amphibious.
You can wear up to eight rings at the same time.
((You can use your tentacles to constrict eight enemies at once.))
((Your skin changes colour to match your surroundings (Stealth+).))
((Your rubbery body absorbs attacks. (AC +1, EV +1)))


Message History

You create a snake!
You now have 88 arrows.
Duvessa hits you but does no damage. Duvessa hits you with a +0 short sword!
* * * LOW HITPOINT WARNING * * *
You feel very mighty all of a sudden. Duvessa hits you with a +0 short sword!
* * * LOW HITPOINT WARNING * * *
Your ball python bites Duvessa but does no damage.
Your ball python grabs Duvessa.
Your ball python constricts Duvessa.
Your adder bites Duvessa but does no damage.
Unknown command.
Unknown command.
You punch Duvessa! You freeze Duvessa.
Duvessa is moderately wounded.
Duvessa barely misses you.
Your ball python bites Duvessa but does no damage.
Your ball python constricts Duvessa.
Your adder bites Duvessa but does no damage.
Duvessa hits you with a +0 short sword.
You die...

#####
#############...#############
.....%..).SeY...............#
.#####..###S#...##..##.####.#
#..# #.##.####.........# #..#
#.##.# #...♣♣♣♣..# ....
..##.# ##.♣♣ ♣..# ....#
####.# #.♣ ♣..# #.#..# #.#
#.♣ ♣..# #.#).# #.# ##.♣ ♣.##
#.####..♣♣♣♣♣.#


You could see Duvessa (berserk), a friendly adder and a friendly ball python.

Vanquished Creatures
  Sigmund (D:4)
  Menkaure (D:4)
  2 ogres (D:4)
  A centaur (D:4)
  Blork the orc (D:4)
  A water moccasin skeleton (D:4)
  Dowan (D:5)
  4 hounds (D:4)
  Crazy Yiuf (D:3)
  Jessica (D:3)
  Terence (D:2)
  Natasha (thrice) (D:4)
  2 worker ants (D:4)
  2 orc wizards
  7 adders
  4 gnolls (D:3)
  An ooze (D:3)
  5 worms
  5 dart slugs
  2 leopard geckos
  14 orcs
  3 giant cockroaches
  3 goblins
  7 hobgoblins
  8 jackals
  A quokka (D:4)
  2 ball pythons
  6 bats
  4 frilled lizards
  A jackal skeleton (D:4)
  8 kobolds
  A leopard gecko skeleton (D:4)
  7 rats
111 creatures vanquished.

Notes
Turn   | Place    | Note
-------+----------+-------------------------------------------
     0 | D:1      | ohad the Octopode Transmuter began the quest for the Orb.
     0 | D:1      | Reached XP level 1. HP: 13/13 MP: 3/3
   392 | D:1      | Reached XP level 2. HP: 9/18 MP: 3/5
   399 | D:1      | Learned a level 2 spell: Sticks to Snakes
   716 | D:1      | Reached XP level 3. HP: 8/23 MP: 7/7
   732 | D:1      | Learned a level 3 spell: Spider Form
  1599 | D:2      | Reached XP level 4. HP: 18/28 MP: 5/9
  1688 | D:2      | Noticed Terence
  1697 | D:2      | Killed Terence
  1710 | D:2      | Learned a level 4 spell: Ice Form
  1914 | D:2      | Reached skill level 1 in Ice Magic
  2288 | D:3      | Reached XP level 5. HP: 24/33 MP: 9/11
  2390 | D:3      | Noticed Jessica
  2672 | D:3      | Reached skill level 3 in Transmutations
  2868 | D:3      | Found a white marble altar of Elyvilon.
  2873 | D:3      | Killed Jessica
  3084 | D:3      | Reached XP level 6. HP: 38/38 MP: 8/12
  3284 | D:3      | Found a runed translucent door.
  3286 | D:3      | Noticed Crazy Yiuf
  3293 | D:3      | Killed Crazy Yiuf
  3293 | D:3      | Reached skill level 4 in Transmutations
  3617 | D:4      | Noticed Natasha
  3623 | D:4      | Killed Natasha
  3625 | D:4      | Reached skill level 5 in Transmutations
  3636 | D:4      | Noticed Menkaure
  3646 | D:4      | Killed Menkaure
  3646 | D:4      | Reached XP level 7. HP: 15/43 MP: 7/13
  3932 | D:4      | Noticed Sigmund
  3946 | D:4      | Killed Sigmund
  3946 | D:4      | Reached skill level 6 in Transmutations
  3989 | D:4      | Learned a level 5 spell: Blade Hands
  4047 | D:4      | Noticed Natasha
  4052 | D:4      | Killed Natasha
  4057 | D:4      | Noticed Natasha
  4063 | D:4      | Killed Natasha
  4063 | D:4      | Reached skill level 5 in Spellcasting
  4386 | D:4      | Noticed Blork the orc
  4393 | D:4      | Killed Blork the orc
  4393 | D:4      | Reached XP level 8. HP: 50/50 MP: 8/15
  5069 | D:5      | Entered Level 5 of the Dungeon
  5250 | D:5      | Found a basalt altar of Yredelemnul.
  5339 | D:5      | Noticed Duvessa
  5339 | D:5      | Noticed Dowan
  5348 | D:5      | Killed Dowan
  5348 | D:5      | Reached skill level 5 in Unarmed Combat
  5358 | D:5      | Slain by Duvessa

Skill      XL: |  1  2  3  4  5  6  7  8 |
---------------+-------------------------+-----
Spellcasting   | 3 4 5 |  5.0
Ice Magic      | 1 2 |  2.3
Transmutations | 3 5 6 |  6.0
Fighting       | 2 3 |  3.3
Unarmed Combat | 5 |  5.1
Dodging        | 3 |  3.0

Action                   |  1- 3 |  4- 6 |  7- 9 || total
-------------------------+-------+-------+-------++-------
Melee: Unarmed           |    80 |   117 |   109 ||   306
       Constrict         |    19 |     9 |     1 ||    29
       Kick              |    10 |     4 |       ||    14
       Tentacles         |    10 |     6 |     1 ||    17
       Punch             |     1 |       |       ||     1
 Cast: Beastly Appendage |    15 |     9 |       ||    24
       Sticks to Snakes  |     1 |     4 |     7 ||    12
       Spider Form       |       |    15 |       ||    15
       Ice Form          |       |     3 |    12 ||    15
  Use: Scroll            |       |     1 |       ||     1
       Potion            |       |       |     1 ||     1
 Stab: Sleeping          |     6 |     1 |       ||     7
  Eat: Chunk             |     1 |     6 |     8 ||    15
       Ration            |       |     1 |       ||     1
Armor: Skin              |    12 |    16 |    28 ||    56
Dodge: Dodged            |    67 |    77 |    50 ||   194
